 Dungeon Crawl Stone Soup version 0.30-b1-2-g02819fbbbe (webtiles) character file.

Game seed: 14486031852493372803

34793 Mesmaeker13 the Arsonist (level 13, -31/102 HPs)
             Began as a Demigod Fire Elementalist on June 27, 2023.
             Annihilated by a black mamba (38 damage)
             ... on level 5 of the Lair of Beasts.
             The game lasted 00:49:31 (19094 turns).

Mesmaeker13 the Arsonist (DgFE)                    Turns: 19094, Time: 00:49:32

Health: -31/102    AC: 18    Str: 22    XL:     13   Next: 14%
Magic:  14/36      EV:  2    Int: 38    God:
Gold:   1198       SH:  0    Dex: 18    Spells: 9/26 levels left

rFire   + + +        z - staff of fire
rCold   . . .        t - orb of Plog {*channel, rElec rPois MP+9 Str+3}
rNeg    . . .        S - +5 ring mail of Perpetual Drought {rPois Dex+4}
rPois   +            R - +2 hat {Int+3}
rElec   +            i - +2 cloak {Stlth+}
rCorr   .            s - +0 pair of gloves
SInv    .            (no boots)
Will    ++...        (no amulet)
Stlth   ++           o - ring of willpower
HPRegen 0.37/turn    F - ring "Fumae" {rF++ Str+6 Int+6}
MPRegen 0.25/turn

%: channel magic (20%)
@: sleeping
A: high MP 1, forlorn, divine attributes
a: no special abilities


You were on level 5 of the Lair of Beasts.
You visited 2 branches of the dungeon, and saw 18 of its levels.

You collected 1407 gold pieces.
You spent 209 gold pieces at shops.

Inventory:

Hand Weapons
 B - a +0 demon whip of venom
 O - the +9 lance "Wyrmbane" {slay drac, rPois rF+ rC+ AC+3}
   (You took it off Maggie on level 9 of the Dungeon)

   AC:        It affects your AC (+3).
   rF:        It protects you from fire.
   rC:        It protects you from cold.
   rPois:     It protects you from poison.
Missiles
 e - 11 javelins
 v - a throwing net
 C - 3 curare-tipped darts (quivered)
Armour
 d - a scarf of repulsion
 i - a +2 cloak of stealth (worn)
 s - a +0 pair of gloves (worn)
 t - the orb of Plog (worn) {*channel, rElec rPois MP+9 Str+3}
   (You found it on level 3 of the Dungeon)

   Str:       It affects your strength (+3).
   rElec:     It insulates you from electricity.
   rPois:     It protects you from poison.
   MP:        It affects your magic capacity (+9).
 R - a +2 hat of intelligence (worn)
 S - the +5 ring mail of Perpetual Drought (worn) {rPois Dex+4}
   (You found it on level 1 of the Lair of Beasts)

   Dex:       It affects your dexterity (+4).
   rPois:     It protects you from poison.
Magical Staves
 z - a staff of fire (weapon)
Jewellery
 o - a ring of willpower (left hand)
 D - a ring of fire
 F - the ring "Fumae" (right hand) {rF++ Str+6 Int+6}
   (You bought it in a shop on level 2 of the Dungeon)

   [ring of intelligence]

   Str:       It affects your strength (+6).
   Int:       It affects your intelligence (+6).
   rF:        It greatly protects you from fire.
 J - a ring of resist corrosion
Wands
 p - a wand of paralysis (10)
 q - a wand of flame (4)
 y - a wand of quicksilver (22)
 Q - a wand of digging (10)
Scrolls
 a - 2 scrolls of amnesia
 j - 2 scrolls of fear {unknown}
 k - 2 scrolls of torment {unknown}
 l - 2 scrolls of enchant weapon
 r - a scroll of summoning {unknown}
 w - 2 scrolls of poison
 A - 2 scrolls of magic mapping
 E - a scroll of teleportation
 G - 2 scrolls of vulnerability {unknown}
 H - 2 scrolls of enchant armour
 I - a scroll of brand weapon
 T - 2 scrolls of immolation {unknown}
Potions
 b - 3 potions of magic
 c - 6 potions of curing
 f - a potion of heal wounds
 g - 3 potions of might
 h - 3 potions of brilliance
 m - 4 potions of cancellation
 n - a potion of haste {unknown}
 u - 3 potions of attraction
 x - 2 potions of flight
 K - a potion of mutation {unknown}
 L - 3 potions of lignification
 M - a potion of ambrosia {unknown}
 N - 2 potions of berserk rage {unknown}
 P - a potion of resistance
 V - a potion of degeneration {unknown}
Miscellaneous
 U - a phantom mirror


   Skills:
 + Level 5.7 Fighting
 - Level 7.0 Armour
 + Level 6.1 Dodging
 - Level 1.7 Stealth
 - Level 7.0 Spellcasting
 + Level 10.4 Conjurations
 + Level 4.0 Transmutations
 + Level 10.7 Fire Magic
 - Level 8.0 Poison Magic


You had 9 spell levels left.
You knew the following spells:

 Your Spells              Type           Power      Damage    Failure   Level
a - Foxfire               Conj/Fire      100%       2x1d9     1%          1
b - Scorch                Fire           100%       2d9       1%          2
c - Flame Wave            Conj/Fire      96%        2d20      3%          4
d - Olgreb's Toxic Radia  Pois           65%        N/A       7%          4
e - Ignite Poison         Fire/Tmut/Pois 82%        N/A       3%          3
f - Mephitic Cloud        Conj/Pois/Air  56%        N/A       5%          3

Your spell library contained the following spells:

 Spells                   Type           Power      Damage    Failure   Level
 Magic Dart               Conj           100%       1d8       1%          1
 Sting                    Tmut/Pois      100%       1d8       3%          1
 Poisonous Vapours        Pois/Air       86%        N/A       6%          2
 Inner Flame              Hex/Fire       69%        N/A       6%          3
 Volatile Blastmotes      Fire/Tloc      100%       2d18      6%          3
 Dazzling Flash           Conj/Hex       100%       N/A       7%          3
 Hailstorm                Conj/Ice       52%        3d12      7%          3
 Cigotuvi's Dreadful Rot  Necr/Pois/Air  66%        N/A       8%          2
 Apportation              Tloc           26%        N/A       13%         1
 Necrotise                Necr           52%        1d6       13%         1
 Summon Small Mammal      Summ           52%        N/A       13%         1
 Iskenderun's Mystic Bla  Conj/Tloc      52%        2d11      14%         4
 Call Imp                 Summ           26%        N/A       17%         2
 Starburst                Conj/Fire      48%        6d13      22%         6
 Ice Form                 Ice/Tmut       28%        N/A       38%         4
 Freezing Cloud           Conj/Ice/Air   19%        6-21      50%         5
 Simulacrum               Ice/Necr       6%         N/A       100%        6


Dungeon Overview and Level Annotations

Branches:
Dungeon (13/15)            Temple (0/1) D:5            Lair (5/5) D:11
  Slime (0/5) Lair:4          Orc (0/2) D:11
  Swamp: Lair:2-3    Shoals: Lair:2-3     Snake: Lair:2-3    Spider: Lair:2-3
 Vaults: D:13-14

Shops:
D:2 *   D:3 ?   D:5 *   D:6 (

Annotations:
D:8 exclusion: door
D:10 2 transporters, Notanamesir's ghost, journeyman MfGl
D:13 Lodul
Lair:3 1 exclusion, Rupert
Lair:4 4 runed translucent doors, NimIero's ghost, journeyman TeAE


Innate Abilities, Weirdness & Mutations

You have an increased reservoir of magic. (+10% MP)
You shall have no god before yourself.
Your divine heritage dramatically boosts your attributes as you level up.


Message History

The flame wave engulfs the black mamba!
You kill the black mamba!
The flame wave engulfs the water moccasin!!
The water moccasin is almost dead.
The flame wave engulfs the water moccasin!!
You kill the water moccasin!
The flame wave engulfs the wolf!
The wolf is heavily wounded.
You finish channelling waves of flame.
You hear a howl!
You hear a bleat!
You hear a shout!
You hear a bleat!
You hear a howl!
You hear a shout!
You hear a howl!
You hear an angry growl. x2
You hear an angry hiss.
Your Transmutations skill increases to level 4!
Unknown command.
Casting: Flame Wave (dangerous; 3% risk of failure)
Confirm with . or Enter, or press ? or * to list all spells.
Casting: Flame Wave (dangerous; 3% risk of failure)
Press: ? - help, Dir - look around, f - activate You feel a surge of power!
A wave of flame ripples out!
The flame wave engulfs the wolf!!
You kill the wolf!
The flame wave engulfs the water moccasin!!!
You kill the water moccasin! (Press . to intensify the flame waves.)
A water moccasin comes into view.
A dream sheep comes into view.
Unknown command.
Unknown command.
A wave of flame ripples out!
The flame wave engulfs the wolf!
The wolf is severely wounded.
The flame wave engulfs the dream sheep!!
The dream sheep is almost dead.
The water moccasin hisses angrily.
The dream sheep bleats!
You hear a bleat!
You hear an angry hiss.
You hear a bellow!
You hear a howl!
The wolf bites you.
* * * LOW HITPOINT WARNING * * *
A dream sheep comes into view.
The dream sheep shake their wool and sparkle.
You feel drowsy...
You fall asleep.
The wolf bites you but does no damage. The black mamba bites you!!!
You die...

................
♣....P..........
♣...............
♣...............
♣...............
♣...............
♣......††††.....
♣......h@SYY....
♣♣.....Y.†Y.....
#P.Y##..†......
#.Y ##.#..P...
## ####.....
#S... .... ...


You could see a black mamba, 3 yaks, a water moccasin, a wolf and 3 dream sheep.

Vanquished Creatures
  Gastronok (Lair:1)
  Snorg (Lair:3)
  Harold (Lair:1)
  A hydra (Lair:5)
  3 two-headed ogres
  7 death yaks
  Amaemon (Lair:1)
  A bog body (Lair:3)
  2 ugly things
  A cyclops (D:12)
  Joseph (D:7)
  4 black mambas
  A torpor snail (Lair:1)
  An orange demon (Lair:1)
  9 cane toads
  2 unseen horrors
  A rime drake (Lair:4)
  Maggie (D:9)
  4 komodo dragons
  A hornet (D:8)
  2 trolls (D:9)
  6 blink frogs
  5 dream sheep
  4 polar bears (Lair:4)
  Prince Ribbit (D:5)
  A jumping spider (Lair:3)
  A culicivora (Lair:3)
  2 shadows
  A wraith (D:12)
  5 wyverns
  25 yaks
  2 steam dragons
  A basilisk (shapeshifter) (D:11)
  2 basilisks
  2 redbacks (Lair:3)
  Edmund (D:5)
  An acid dragon (D:11)
  13 water moccasins
  3 orc warriors
  2 sky beasts
  3 black bears
  4 phantoms
  4 ogres
  10 wolves
  3 centaurs
  Blork the orc (D:5)
  5 kobold brigands
  8 bullfrogs
  2 gnoll sergeants
  2 scorpions (D:5)
  8 wights
  9 killer bees (D:8)
  4 howler monkeys
  A crimson imp (D:5)
  4 orc priests
  5 hounds
  2 jellies (D:5)
  2 gnoll boudas
  An iguana (D:5)
  A sleepcap (D:5)
  Ijyb (D:4)
  7 hell rats (Lair:5)
  11 orc wizards
  Robin (D:4)
  12 gnolls
  10 adders
  A shadow imp (D:5)
  An ufetubus (D:3)
  3 dart slugs
  47 orcs
  2 ball pythons
  8 bats
  4 endoplasms
  2 giant cockroaches
  13 hobgoblins
  7 jackals
  3 quokkas
  9 frilled lizards
  23 goblins
  27 kobolds
  4 rats
  A butterfly (Lair:3)
400 creatures vanquished.

Vanquished Creatures (collateral kills)
  5 foxfires
5 creatures vanquished.

Vanquished Creatures (others)
  A hobgoblin (D:4)
  938 foxfires
  7 fungi
  13 plants
959 creatures vanquished.

Grand Total: 1364 creatures vanquished

Notes
Turn   | Place    | Note
-------+----------+-------------------------------------------
     0 | D:1      | Mesmaeker13 the Demigod Fire Elementalist began the quest
                  | for the Orb.
     0 | D:1      | Reached XP level 1. HP: 14/14 MP: 5/5
    37 | D:1      | Reached skill level 1 in Conjurations
   332 | D:1      | Reached XP level 2. HP: 12/20 MP: 4/7
  1191 | D:2      | Reached XP level 3. HP: 22/26 MP: 3/9
  1390 | D:2      | Learned a level 2 spell: Scorch
  1584 | D:2      | Found Ynoddiagre's Assorted Antiques.
  2235 | D:3      | Reached XP level 4. HP: 28/33 MP: 4/10
  3033 | D:3      | Identified the orb of Plog {*channel, rElec rPois MP+9
                  | Str+3}
  3137 | D:3      | Noticed an ogre
  3145 | D:3      | Killed an ogre
  3146 | D:3      | Reached skill level 1 in Armour
  3146 | D:3      | Reached XP level 5. HP: 38/38 MP: 12/12
  3393 | D:3      | Found Laragieq's Magic Scroll Emporium.
  3650 | D:4      | Learned a level 4 spell: Flame Wave
  3786 | D:4      | Identified the -1 helmet "Mojuuf" {rElec}
  3786 | D:4      | Noticed Robin
  3818 | D:4      | Killed Robin
  4294 | D:4      | Reached XP level 6. HP: 44/45 MP: 13/13
  4544 | D:4      | Noticed Ijyb
  4551 | D:4      | Killed Ijyb
  5293 | D:5      | Entered Level 5 of the Dungeon
  5327 | D:5      | Found Zaberilie's Elemental Accessories.
  5334 | D:5      | Noticed Blork the orc
  5346 | D:5      | Killed Blork the orc
  5480 | D:5      | Found a staircase to the Ecumenical Temple.
  5482 | D:5      | Noticed Edmund
  5664 | D:5      | Reached XP level 7. HP: 48/50 MP: 15/15
  5988 | D:6      | Reached skill level 5 in Fire Magic
  6508 | D:6      | Found Suagetam's Weapon Shoppe.
  6652 | D:2      | Bought a crude bronze ring for 125 gold pieces
  6652 | D:2      | Identified the ring "Fumae" {rF++ Str+6 Int+6} (You bought
                  | it in a shop on level 2 of the Dungeon)
  6759 | D:7      | Reached XP level 8. HP: 57/57 MP: 18/18
  6764 | D:7      | Noticed Joseph
  6776 | D:7      | Killed Joseph
  6777 | D:7      | Reached skill level 5 in Conjurations
  6930 | D:7      | Reached skill level 5 in Spellcasting
  7461 | D:7      | Killed an unseen horror
  7462 | D:7      | Reached skill level 5 in Armour
  7462 | D:7      | Reached XP level 9. HP: 34/62 MP: 21/21
  8214 | D:5      | Noticed Prince Ribbit
  8227 | D:5      | Killed Prince Ribbit
  8516 | D:5      | Killed Edmund
  8625 | D:3      | Bought a scroll of identify for 28 gold pieces
  8625 | D:3      | Bought a scroll of identify for 28 gold pieces
  8629 | D:3      | Bought a scroll of identify for 28 gold pieces
  9104 | D:8      | You fall into a shaft and drop 3 floors!
  9109 | D:11     | Found a staircase to the Lair.
  9130 | D:11     | Reached XP level 10. HP: 69/69 MP: 23/23
  9410 | D:11     | Noticed a brown ugly thing
  9490 | D:10     | Entered Level 10 of the Dungeon
  9490 | D:10     | Noticed a two-headed ogre
  9532 | D:10     | Found a transporter.
  9568 | D:10     | Noticed Notanamesir's ghost (journeyman MfGl)
  9932 | D:9      | Noticed Maggie
  9943 | D:9      | Killed Maggie
 10512 | D:9      | Learned a level 4 spell: Olgreb's Toxic Radiance
 10661 | D:10     | Reached skill level 1 in Poison Magic
 10868 | D:10     | Found a transporter.
 10897 | D:10     | Killed a two-headed ogre
 11031 | D:10     | Noticed a thrashing horror
 11054 | D:10     | Noticed a toenail golem
 11067 | D:10     | Noticed a worldbinder
 11149 | D:10     | Noticed a rust devil
 11640 | D:8      | Noticed a seven-headed hydra
 11642 | D:8      | Noticed a cyclops
 11770 | D:8      | Noticed a two-headed ogre
 12278 | D:8      | Killed a two-headed ogre
 12440 | D:11     | Noticed a two-headed ogre
 12448 | D:11     | Killed a two-headed ogre
 12449 | D:11     | Reached XP level 11. HP: 74/74 MP: 25/25
 12581 | D:11     | Found a staircase to the Orcish Mines.
 12629 | D:11     | Reached skill level 5 in Poison Magic
 12635 | D:11     | Learned a level 3 spell: Ignite Poison
 12966 | Lair:1   | Entered Level 1 of the Lair of Beasts
 14016 | D:12     | Reached skill level 1 in Fighting
 14242 | D:13     | Noticed Lodul
 14383 | D:13     | Noticed a centaur warrior
 14384 | D:13     | Noticed a two-headed ogre
 14461 | Lair:1   | Noticed Gastronok
 14473 | Lair:1   | Killed Gastronok
 15220 | Lair:1   | Noticed Amaemon
 15521 | Lair:1   | Identified the +5 ring mail of Perpetual Drought {rPois
                  | Dex+4}
 15727 | Lair:1   | Noticed Harold
 15741 | Lair:1   | Killed Harold
 15742 | Lair:1   | Reached XP level 12. HP: 73/89 MP: 26/26
 15777 | Lair:1   | Killed Amaemon
 16944 | Lair:3   | Reached skill level 1 in Transmutations
 17173 | Lair:3   | Reached skill level 10 in Fire Magic
 17461 | Lair:3   | Noticed Rupert
 17504 | Lair:3   | Noticed Snorg
 17527 | Lair:3   | Killed Snorg
 17528 | Lair:3   | Reached skill level 5 in Dodging
 17645 | Lair:4   | Noticed an azure jelly
 17645 | Lair:4   | Noticed a rockslime
 17645 | Lair:4   | Noticed an acid blob
 17645 | Lair:4   | Noticed an azure jelly
 17645 | Lair:4   | Found a runed translucent gate.
 17645 | Lair:4   | Found a runed translucent gate.
 17645 | Lair:4   | Found a runed translucent gate.
 17650 | Lair:4   | Learned a level 3 spell: Mephitic Cloud
 17898 | Lair:4   | Reached skill level 10 in Conjurations
 18121 | Lair:4   | Identified the +3 chain mail of Lopaqiem {Harm Stlth+}
 18166 | Lair:4   | Reached skill level 5 in Fighting
 18358 | Lair:4   | Found a runed translucent door.
 18360 | Lair:4   | Noticed an acid blob
 18361 | Lair:4   | Found a staircase to the Slime Pits.
 18361 | Lair:4   | Noticed an acid blob
 18530 | Lair:4   | Noticed NimIero's ghost (journeyman TeAE)
 18530 | Lair:4   | Noticed an acid blob
 18530 | Lair:4   | Noticed an azure jelly
 18531 | Lair:4   | Noticed an azure jelly
 18531 | Lair:4   | Noticed an azure jelly
 18534 | Lair:4   | Noticed a great orb of eyes
 18535 | Lair:4   | Noticed an acid blob
 18535 | Lair:4   | Found the ring of the Mage {Wiz Archmagi}
 19075 | Lair:5   | Entered Level 5 of the Lair of Beasts
 19075 | Lair:5   | Noticed a four-headed hydra
 19082 | Lair:5   | Killed a four-headed hydra
 19090 | Lair:5   | Reached XP level 13. HP: 22/101 MP: 19/27
 19094 | Lair:5   | Annihilated by a black mamba

Illustrated notes

Levels and vault maps discovered:
D:1:      dpeg_arrival_rooms_a, layout_loops_ring
D:2:      layout_basic, serial_shops, nicolae_shop_dealshenge,
          serial_bayou_ford_a, nicolae_eternal_life,
          chequers_serial_rivers_large_b, chequers_serial_rivers_small_b,
          st_stairs_12, moated_statue
D:3:      layout_loops_corners, mainiacjoe_overflow_boulevard, elyvilon_altar_5,
          serial_shops, nicolae_shop_waterfront, serial_bayou_pond_e,
          chequers_serial_rivers_micro_a
D:4:      layout_layer_cave, kennysheep_okawaru_gauntlet, uniq_robin, uniq_ijyb
D:5:      layout_loops_ring, grunt_temple_overflow_lords_of_destruction,
          lemuel_coloured_pillars_altar, minmay_temple_entry_proselytizer,
          nicolae_elemental_shop, uniq_prince_ribbit1, uniq_edmund,
          uniq_blork_the_orc
D:6:      layout_basic, serial_shops, kennysheep_little_box
D:7:      layout_basic, minitemple, kennysheep_potato, uniq_joseph
D:8:      minmay_chambers_of_sixes, layout_basic, enter_bailey_3
D:9:      layout_loops_cross, uniq_maggie
D:10:     minmay_goldmine, layout_basic, mainiacjoe_overflow_swirl,
          gammafunk_ghost_abyssal_escape, dreamdust_princess_bridge
D:11:     layout_irregular_city, lair_entry_dummy, david_orc_2, led_sif_book
D:12:     layout_roguey
D:13:     layout_rooms, grunt_vaults_entry_fortified, nicolae_good_shop,
          uniq_lodul
Lair:1:   layout_regular_city, chequers_serial_rivers_small_3,
          grunt_megastairs_3, uniq_harold, uniq_amaemon, uniq_gastronok
Lair:2:   layout_roguey, nicolae_quartered_pool_impasse,
          dreamdust_gnoll_shepherd
Lair:3:   layout_long_grid, skrybe_swamp_entry_bodies,
          nicolae_spider_entry_tight_spaces, chequers_serial_rivers_micro_e,
          lemuel_fruit_fields, uniq_urug, uniq_rupert, uniq_snorg
Lair:4:   layout_gridlike, slime_entry_2, gammafunk_ghost_ooze,
          beast_lair_carwin_5
Lair:5:   minmay_lair_end_enchanted_forest, layout_cave_shapes,
          wad_woods_river_03

Skill      XL: |  1  2  3  4  5  6  7  8  9 10 11 12 13 |
---------------+----------------------------------------+-----
Conjurations   | 1 2 3 4 5 6 8 9 10 | 10.4
Spellcasting   | 2 3 4 5 6 7 |  7.0
Fire Magic     | 3 4 5 6 7 8 9 10 | 10.7
Armour         | 1 2 3 5 6 7 |  7.0
Poison Magic   | 4 7 8 |  8.0
Dodging        | 3 5 6 |  6.1
Fighting       | 3 5 |  5.7
Transmutations | 3 4 |  4.0
Stealth        | |  1.7

Action                     |  1- 3 |  4- 6 |  7- 9 | 10-12 | 13-15 || total
---------------------------+-------+-------+-------+-------+-------++-------
  Melee: Dagger            |       |    18 |    12 |       |       ||    30
         Staff             |       |       |     3 |     3 |       ||     6
         Scimitar          |       |       |    42 |       |       ||    42
  Throw: Dart              |       |       |     1 |     4 |       ||     5
         Javelin           |       |       |     1 |     1 |       ||     2
   Cast: Foxfire           |    85 |   101 |   152 |   223 |       ||   561
         Scorch            |       |    25 |    62 |   203 |       ||   290
         Flame Wave        |       |       |     6 |    40 |     1 ||    47
  Evoke: Wand              |       |     4 |     3 |    15 |       ||    22
    Use: Scroll            |     3 |     3 |     4 |     9 |       ||    19
         Potion            |       |       |     1 |     6 |       ||     7
 Armour: Robe              |     1 |     3 |       |       |       ||     4
         Leather armour    |       |    26 |    87 |    80 |       ||   193
         Ring mail         |       |       |       |    88 |     1 ||    89
  Dodge: Dodged            |     9 |    48 |   107 |   256 |     1 ||   421
